 Dungeon Crawl Stone Soup version 0.26-a0-1020-ge47f559bc5 (webtiles) character file.

Game seed: 3706814150306342392

230 Conn the Firebug (level 6, -2/36 HPs)
             Began as an Octopode Fire Elementalist on Dec 8, 2020.
             Killed from afar by an orc wizard (8 damage)
             ... with a magic dart
             ... on level 4 of the Dungeon.
             The game lasted 00:09:51 (4169 turns).

Conn the Firebug (Octopode Fire Elementalist)       Turns: 4169, Time: 00:09:51

Health: -2/36      AC:  1    Str:  8    XL:     6   Next: 3%
Magic:  10/10      EV: 14    Int: 19    God:
Gold:   251        SH:  0    Dex: 12    Spells: 3/10 levels left

rFire    . . .     SeeInvis .   m - +1 dagger (venom)
rCold    . . .     Faith    .   (no shield)
rNeg     . . .     Spirit   .   (helmet restricted)
rPois    .         Reflect  +   d - amulet of reflection
rElec    .         Harm     .   j - ring of flight
rCorr    .         Rampage  .   (no ring)
Will     .....                  (no ring)
Stlth    ++........             (no ring)
HPRegen  0.12/turn              (no ring)
MPRegen  0.12/turn              (no ring)
                                (no ring)
                                (no ring)

@: confused, berserk cooldown, slowed, very slow
A: almost no armour, stealthy swim, amphibious, 8 rings, constrict 8, camouflage
1, gelatinous body 1
a: Evoke Flight


You were on level 4 of the Dungeon.
You visited 1 branch of the dungeon, and saw 4 of its levels.

You collected 251 gold pieces.

Inventory:

Hand Weapons
 e - a +0 dagger
 m - a +1 dagger of venom (weapon)
Missiles
 c - 9 poisoned darts (quivered)
Armour
 n - a +0 buckler
Jewellery
 d - an amulet of reflection (around mantle)
 j - a ring of flight (left tentacle)
 o - an uncursed amulet of guardian spirit
Wands
 f - a wand of flame (20)
Scrolls
 a - 5 scrolls of identify {unknown}
 p - a scroll of amnesia {unknown}
 q - a scroll of teleportation {unknown}
 r - a scroll of blinking {unknown}
Potions
 g - a potion of brilliance {unknown}
 l - a potion of berserk rage


   Skills:
 + Level 0.2 Fighting
 + Level 0.1 Short Blades
 * Level 2.6 Dodging
 + Level 3.1 Stealth
 + Level 0.2 Shields
 + Level 0.9 Unarmed Combat
 + Level 2.9 Spellcasting
 * Level 2.0 Conjurations
 * Level 5.0 Fire Magic


You had 3 spell levels left.
You knew the following spells:

 Your Spells              Type           Power        Failure   Level
a - Foxfire               Conj/Fire      ###.         3%          1
b - Conjure Flame         Conj/Fire      ###.....     11%         3
c - Inner Flame           Hex/Fire       ##......     16%         3

Your spell library contained the following spells:

 Spells                   Type           Power        Failure   Level
 Sticky Flame             Conj/Fire      ###.....     34%         4
 Fireball                 Conj/Fire      ###.......   69%         5


Dungeon Overview and Level Annotations

Branches:
Dungeon (4/15)
 Temple: D:4-7

Altars:


Innate Abilities, Weirdness & Mutations

You cannot wear most types of armour.
You are very stealthy in the water. (Stealth+)
You are amphibious.
You can wear up to eight rings at the same time.
You can use your tentacles to constrict eight enemies at once.
Your skin changes colour to match your surroundings (Stealth+).
Your rubbery body absorbs attacks. (AC +1, EV +1)


Message History

The orc wizard blinks!
As you read the scroll labelled GIAMEOWIHO, it crumbles to dust.
You feel blessed for a moment.
It was a scroll of remove curse.
You hit the orc wizard but do no damage.
The orc wizard is poisoned.
Your grab misses the orc wizard. Your squeeze misses the orc wizard.
The orc wizard is almost dead.
You block the orc wizard's attack.
The orc wizard hits you but does no damage.
Unknown command.
Unknown command.
Okay, then.
Okay, then.
Okay, then.
It was a potion of ambrosia.
You are confused.
You feel invigorated.
The orc wizard gestures at you while chanting.
The magic dart hits you!
You die...

#######
###########.....######
#....................#
###.......o............#
#........@o(...........#
#.....#######..........#
########.....#
#####......#
.......'.<...# #......#
########.....# #......#
,,...........#
#o.....###
,*#######'####
#o........ ,,........#
********#..$$.....
,*#########*
*,,,,.......†.....


You could see an orc priest and an orc wizard (fast, very poisoned).

Vanquished Creatures
  Robin (D:2)
  3 gnolls (D:3)
  7 adders
  3 worms
  13 dart slugs
  2 leopard geckos
  5 orcs
  2 ball pythons
  2 bats (D:3)
  5 giant cockroaches
  8 hobgoblins
  4 jackals (D:1)
  2 quokkas
  5 frilled lizards
  12 goblins
  5 kobolds
  10 rats
89 creatures vanquished.

Vanquished Creatures (others)
  270 foxfires
270 creatures vanquished.

Grand Total: 359 creatures vanquished

Notes
Turn   | Place    | Note
-------+----------+-------------------------------------------
     0 | D:1      | Conn the Octopode Fire Elementalist began the quest for the
                  | Orb.
     0 | D:1      | Reached XP level 1. HP: 11/11 MP: 3/3
    97 | D:1      | Reached XP level 2. HP: 16/17 MP: 1/5
   517 | D:1      | Reached XP level 3. HP: 21/21 MP: 4/6
  1061 | D:2      | Reached skill level 4 in Fire Magic
  1061 | D:2      | Reached XP level 4. HP: 13/27 MP: 4/7
  1221 | D:2      | Learned a level 3 spell: Conjure Flame
  1225 | D:2      | Learned a level 3 spell: Inner Flame
  1271 | D:2      | Noticed Robin
  1281 | D:1      | HP: 1/27 [goblin[Robin] (2)]
  1872 | D:2      | Killed Robin
  2120 | D:2      | Reached XP level 5. HP: 23/31 MP: 4/8
  2332 | D:2      | Found a faded altar of an unknown god.
  3507 | D:3      | Reached skill level 5 in Fire Magic
  4112 | D:4      | Reached XP level 6. HP: 36/36 MP: 7/10
  4161 | D:4      | HP: 1/54 [orc priest/divine providence (11)]
  4169 | D:4      | Killed from afar by an orc wizard

Illustrated notes

Levels and vault maps discovered:
D:1:      eino_arrival_water_star, layout_loops_ring
D:2:      layout_rooms, chequers_ecumenical_altar_grove,
          minmay_misc_feat_secret_circle, minmay_misc_feat_rows, minmay_tall_x,
          uniq_robin
D:3:      kennysheep_slugbush, layout_loops_ring
D:4:      minmay_chambers_of_twos, layout_basic

Skill      XL: |  1  2  3  4  5 |
---------------+----------------+-----
Stealth        | 3 |  3.1
Fire Magic     | 4 5 |  5.0
Conjurations   | 2 |  2.0
Fighting       | |  0.2
Short Blades   | |  0.1
Dodging        | |  2.6
Shields        | |  0.2
Unarmed Combat | |  0.9
Spellcasting   | |  2.9

Action                   |  1- 3 |  4- 6 || total
-------------------------+-------+-------++-------
Melee: Unarmed           |     8 |     4 ||    12
       Constrict         |     3 |    11 ||    14
       Dagger            |       |    30 ||    30
       Tentacles         |       |     3 ||     3
 Cast: Foxfire           |    36 |   113 ||   149
Evoke: Wand              |       |     1 ||     1
  Use: Scroll            |       |     4 ||     4
       Potion            |       |     3 ||     3
 Stab: Sleeping          |       |     3 ||     3
Armor: Skin              |       |     4 ||     4
Dodge: Dodged            |     4 |    36 ||    40
Block: Other             |     3 |    21 ||    24
       Reflection        |       |     3 ||     3

Table legend: (Time is in decaauts)
 A = Elapsed time spent in this place.
 B = Non-inter-level travel time spent in this place.
 C = Inter-level travel time spent in this place.
 D = Time resting spent in this place.
 E = Time spent auto-exploring this place.
 F = Levels seen in this place.
 G = Mean time per level.
                   A        B        C        D        E       F      G
               +--------+--------+--------+--------+--------+-----+--------+
         Total |   4167 |   4102 |     65 |   1066 |   1965 |   4 | 1041.8 |
       Dungeon |   4167 |   4102 |     65 |   1066 |   1965 |   4 | 1041.8 |
               +--------+--------+--------+--------+--------+-----+--------+

Top non-repeatable levels by time:
     D:3: 1598 daAuts
     D:1: 1297 daAuts
     D:2: 1153 daAuts
     D:4: 118 daAuts
